 Dungeon Crawl Stone Soup version 0.29.1-1-gd02db6906a (webtiles) character file.

Game seed: 9456294698830187440

79 mcbry74 the Insei (level 4, 0/32 HPs)
             Began as a Merfolk Transmuter on Sept 27, 2022.
             Slain by Ijyb
             ... wielding a +2 dagger of venom
              (3 damage)
             ... on level 2 of the Dungeon.
             The game lasted 00:06:17 (2987 turns).

mcbry74 the Insei (Merfolk Transmuter)              Turns: 2987, Time: 00:06:20

Health: 0/32       AC:  4    Str: 10    XL:     4   Next: 38%
Magic:  7/7        EV: 13    Int: 12    God:
Gold:   56         SH:  0    Dex: 16    Spells: 4/7 levels left

rFire   . . .      SeeInvis .     - Unarmed
rCold   . . .      Faith    .   (no shield)
rNeg    . . .      Spirit   .   a - +0 robe
rPois   .          Reflect  .   f - +2 helmet
rElec   .          Harm     .   (no cloak)
rCorr   .          Rampage  .   (no gloves)
Will    +....                   (no boots)
Stlth   +.........              (no amulet)
HPRegen 0.10/turn               (no ring)
MPRegen 0.10/turn               (no ring)

@: lethally poisoned (0 -> -4)
A: (nimble swimmer 2), mertail, deformed body, strong-willed 1
a: no special abilities


You were on level 2 of the Dungeon.
You visited 1 branch of the dungeon, and saw 3 of its levels.

You collected 56 gold pieces.

Inventory:

Hand Weapons
 r - a +6 club
Missiles
 c - 25 stones
 h - 2 boomerangs
 o - 5 silver javelins
Armour
 a - a +0 robe (worn)
 f - a +2 helmet (worn)
Scrolls
 d - a scroll of amnesia {unknown}
 e - 2 scrolls of teleportation {unknown}
 g - a scroll of poison {unknown}
 i - a scroll of magic mapping {unknown}
 j - a scroll of butterflies {unknown}
 k - 2 scrolls of identify {unknown}
 m - a scroll of immolation {unknown}
 n - a scroll of noise {unknown}
 p - a scroll of fear {unknown}
Potions
 b - a potion of lignification
 l - a potion of berserk rage {unknown}


   Skills:
 - Level 1.1 Fighting
 + Level 3.7 Dodging
 * Level 4.6 Unarmed Combat
 - Level 2.0 Spellcasting
 + Level 3.7 Transmutations


You had 4 spell levels left.
You knew the following spells:

 Your Spells              Type           Power      Damage    Failure   Level
a - Beastly Appendage     Tmut           20%        N/A       6%          1
b - Wereblood             Tmut           10%        N/A       9%          2

Your spell library contained the following spells:

 Spells                   Type           Power      Damage    Failure   Level
 Spider Form              Tmut/Pois      5%         N/A       36%         3
 Ice Form                 Ice/Tmut       5%         N/A       77%         4


Dungeon Overview and Level Annotations

Branches:
Dungeon (3/15)

Altars:

Shops:
D:2 *

Annotations:
D:2 Ijyb


Innate Abilities, Weirdness & Mutations

((You are very nimble when in or above water. (Stealth+, EV+, Speed+++)))
Your lower body shifts to a powerful aquatic tail in water.
Armour fits poorly on your strangely shaped body.
You are strong-willed. (Will+)


Message History

Your transformation is almost over.
There is a stone staircase leading down here.
You barely miss Ijyb. Your headbutt misses Ijyb. You closely miss Ijyb.
Your headbutt misses Ijyb.
A kobold comes into view. It is wielding a +0 short sword.
Ijyb barely misses you.
You barely miss Ijyb.
The kobold shouts!
Ijyb zaps a wand.
The bolt of dispelling energy misses you.
You hit Ijyb but do no damage. You headbutt Ijyb, but do no damage.
Ijyb barely misses you.
The kobold throws a stone.
The stone misses you.
An adder comes into view.
The adder hisses angrily.
You hit Ijyb.
Ijyb is moderately wounded.
An orc comes into view. It is wielding a +0 short sword.
Ijyb hits you with a +2 dagger of venom.
You are poisoned.
You can't go up here!
You feel very sick.
There is a stone staircase leading up here.
You feel very sick.
The kobold throws a stone.
The stone hits you but does no damage. Ijyb closely misses you.
You climb upwards.
You feel sick.
There is a stone staircase leading down here.
You hit Ijyb but do no damage. You headbutt Ijyb.
Ijyb is moderately wounded.
You feel sick.
Ijyb zaps a wand.
The bolt of dispelling energy hits you!
Your magical effects are unravelling.
* * * LOW HITPOINT WARNING * * *
It was a potion of mutation.
You feel extremely strange.
Your body twists and deforms.
You feel strong-willed.
Your horns disappear.
Your +2 helmet unmelds from your body.
* * * LOW HITPOINT WARNING * * *
You feel sick.
Ijyb hits you with a +2 dagger of venom.
You die...

##.###### #.......... #..##
#.........# ##..# #.........#
##### ##.# #)........# ....#
#.### ##.........# ....# #...#
#..........# ....#
######.######..........# ....#
#......##..............#
....######.....†@..##############
....'..).#.....g.###
....####.#.......# ....#
#.#.......############ ....#
#.#.......#..........# #'###
#)#.......##.#######.# #.#
#.........##.# #.# #.#
#####'###.##.# #.# #.# #.# #.##.#
#.#


You could see Ijyb.

Vanquished Creatures
  Jessica (D:2)
  An adder (D:2)
  A worm (D:2)
  2 ball pythons (D:1)
  2 bats (D:2)
  6 endoplasms
  2 giant cockroaches
  4 goblins
  2 hobgoblins (D:1)
  5 quokkas
  2 frilled lizards (D:1)
  3 kobolds
  6 rats
37 creatures vanquished.

Vanquished Creatures (others)
  A bat (D:3)
1 creature vanquished.

Grand Total: 38 creatures vanquished

Notes
Turn   | Place    | Note
-------+----------+-------------------------------------------
     0 | D:1      | mcbry74 the Merfolk Transmuter began the quest for the Orb.
     0 | D:1      | Reached XP level 1. HP: 15/15 MP: 3/3
   298 | D:1      | Reached XP level 2. HP: 16/21 MP: 3/5
   419 | D:1      | Learned a level 2 spell: Wereblood
  1390 | D:1      | Reached skill level 4 in Unarmed Combat
  1390 | D:1      | Reached XP level 3. HP: 26/26 MP: 4/6
  1502 | D:2      | Found Cauzatz's General Store.
  2119 | D:2      | Noticed Jessica
  2273 | D:2      | Found a faded altar of an unknown god.
  2552 | D:2      | Killed Jessica
  2553 | D:2      | Reached XP level 4. HP: 32/32 MP: 5/7
  2601 | D:3      | Noticed Ijyb
  2987 | D:2      | Gained mutation: Armour fits poorly on your strangely
                  | shaped body. [potion of mutation]
  2987 | D:2      | Gained mutation: You are strong-willed. (Will+) [potion of
                  | mutation]
  2987 | D:2      | Slain by Ijyb

Illustrated notes

Levels and vault maps discovered:
D:1:      dpeg_arrival_tiny_d, layout_loops_ring, serial_glass, glass_columns_c,
          glass_columns_b, glass_columns_b, glass_columns_b, glass_columns_b,
          palyth_stone_intersect
D:2:      layout_basic, serial_shops, nicolae_shop_hallway_plus,
          hellmonk_ecumenical_altar_crossroads, uniq_jessica
D:3:      layout_rooms, uniq_sigmund, uniq_ijyb

Skill      XL: |  1  2 |
---------------+-------+-----
Dodging        | 3 |  3.7
Transmutations | 3 |  3.7
Unarmed Combat | 4 |  4.6
Fighting       | |  1.1
Spellcasting   | |  2.0

Action                   |  1- 3 |  4- 6 || total
-------------------------+-------+-------++-------
Melee: Unarmed           |   102 |     9 ||   111
       Headbutt          |    12 |     3 ||    15
 Cast: Beastly Appendage |    22 |     2 ||    24
  Use: Potion            |       |     1 ||     1
 Stab: Sleeping          |     2 |       ||     2
Armor: Robe              |     9 |     3 ||    12
Dodge: Dodged            |    58 |     8 ||    66
